 Dungeon Crawl Stone Soup version 0.29.1-15-g9cfb28693d (webtiles) character file.

Game seed: 9915222998211744506

112 protoss039 the Digger (level 4, 33/33 HPs)
             Began as a Demonspawn Earth Elementalist on Mar 15, 2023.
             Got out of the dungeon alive.
             The game lasted 00:03:01 (2658 turns).

protoss039 the Digger (DsEE)                        Turns: 2658, Time: 00:03:02

Health: 33/33      AC:  7    Str:  8    XL:     4   Next: 63%
Magic:  8/8        EV: 12    Int: 19    God:
Gold:   136        SH:  0    Dex: 13    Spells: 7/8 levels left

rFire   . . .      SeeInvis .   d - +0 spear
rCold   . . .      Faith    .   (no shield)
rNeg    . . .      Spirit   .   a - +2 animal skin
rPois   .          Reflect  .   f - +2 helmet
rElec   .          Harm     .   (no cloak)
rCorr   +          Rampage  .   (no gloves)
Will    .....                   (no boots)
Stlth   ++........              (no amulet)
HPRegen 0.11/turn               m - ring of resist corrosion
MPRegen 0.11/turn               (no ring)

@: no status effects
A: spiny 1, sanguine armour 1
a: no special abilities


You escaped.
You visited 1 branch of the dungeon, and saw 2 of its levels.

You collected 136 gold pieces.

Inventory:

Hand Weapons
 d - a +0 spear (weapon)
Armour
 a - a +2 animal skin (worn)
 f - a +2 helmet (worn)
Jewellery
 m - a ring of resist corrosion (left hand)
 n - an amulet of reflection
Scrolls
 c - a scroll of fear {unknown}
 e - a scroll of amnesia
 g - 2 scrolls of teleportation {unknown}
 l - a scroll of torment {unknown}
 p - a scroll of blinking
 q - a scroll of identify
Potions
 b - a potion of magic
 h - a potion of heal wounds {unknown}
 i - a potion of flight {unknown}
 j - a potion of degeneration {unknown}
 k - 3 potions of haste {unknown}
 o - a potion of lignification {unknown}
 r - a potion of mutation {unknown}


   Skills:
 + Level 2.0 Fighting
 + Level 1.5 Armour
 - Level 1.7 Dodging
 - Level 1.7 Stealth
 + Level 2.8 Spellcasting
 - Level 0.8 Transmutations
 + Level 3.4 Earth Magic


You had 7 spell levels left.
You knew the following spells:

 Your Spells              Type           Power      Damage    Failure   Level
a - Sandblast             Erth           30%        2d9       3%          1

Your spell library contained the following spells:

 Spells                   Type           Power      Damage    Failure   Level
 Passwall                 Tmut/Erth      8%         N/A       10%         2
 Necrotise                Necr           8%         1d4       16%         1
 Stone Arrow              Conj/Erth      18%        3d8       22%         3
 Vampiric Draining        Necr           2%         2d6       43%         3
 Petrify                  Tmut/Erth      10%        N/A       54%         4
 Agony                    Necr           2%         N/A       99%         5


Dungeon Overview and Level Annotations

Branches:
Dungeon (2/15) Zot: 9320

Altars:
Okawaru


Innate Abilities, Weirdness & Mutations

You are partially covered in sharp spines.
When seriously injured, your blood forms armour. (AC +0)


Message History

No target in view!
No target in view!
No target in view!
No target in view!
No target in view!
No target in view!
No target in view!
No target in view!
No target in view!
No target in view!
No target in view!
Found a stone staircase leading down.
No target in view!
r - a viscous white potion You open the door.
Key pressed, stopping explore.
No target in view!
There is an open door here.
There is an open door here.
Things that are here:
a +0 dagger; a +0 ring mail
There is a stone staircase leading down here.
Done exploring.
No target in view!
Done exploring.
Done exploring.
No target in view!
Done exploring.
No target in view!
Done exploring.
There is an open door here.
There is an open door here.
There is a stone staircase leading up here.
You climb upwards.
There is a stone staircase leading down here.
Unknown command.
There is an open door here.
There is a staircase leading out of the dungeon here.
Are you sure you want to leave the Dungeon?
This will make you lose the game!
You have escaped!

########.#.......#......
#.#####.#.#...###
#.#####.#........
##................
#.............####
###########.....##
##P#P♣....'..###..#
♣.#P♣..~~~#######.#
#♣@....8~##........
♣.#P♣..~~~##.######
##P#P♣....+..#
#############


There were no monsters in sight!

Vanquished Creatures
  Robin (D:2)
  4 adders (D:2)
  A worm (D:2)
  A dart slug (D:2)
  3 bats (D:1)
  An endoplasm (D:2)
  3 giant cockroaches (D:1)
  10 goblins
  6 hobgoblins
  4 jackals (D:2)
  2 quokkas (D:1)
  6 ball pythons
  2 frilled lizards
  9 kobolds
  6 rats
59 creatures vanquished.

Vanquished Creatures (others)
  9 withered plants (D:2)
9 creatures vanquished.

Grand Total: 68 creatures vanquished

Notes
Turn   | Place    | Note
-------+----------+-------------------------------------------
     0 | D:1      | protoss039 the Demonspawn Earth Elementalist began the
                  | quest for the Orb.
     0 | D:1      | Reached XP level 1. HP: 13/13 MP: 3/3
   161 | D:1      | Gained mutation: When seriously injured, your blood forms
                  | armour. (AC +0) [demonic ancestry]
   161 | D:1      | Reached XP level 2. HP: 20/20 MP: 1/5
   281 | D:1      | Found an iron altar of Okawaru.
   480 | D:1      | Reached skill level 1 in Fighting
   636 | D:1      | Reached skill level 3 in Earth Magic
   995 | D:2      | Reached XP level 3. HP: 18/26 MP: 3/6
  1168 | D:2      | Reached skill level 1 in Armour
  1338 | D:2      | Noticed Robin
  1660 | D:2      | Gained mutation: You are partially covered in sharp spines.
                  | [demonic ancestry]
  1660 | D:2      | Reached XP level 4. HP: 31/32 MP: 3/8
  1673 | D:2      | Killed Robin
  1948 | D:2      | Found a faded altar of an unknown god.
  2658 | D:$      | Got out of the dungeon alive.

Illustrated notes

Levels and vault maps discovered:
D:1:      tarquinn_simple_flora_water_d, layout_rooms, minmay_hexomino_r4
D:2:      layout_loops_corners, ebering_ecumenical_altar_petrified,
          corexii_item_surrounded_by_moat, uniq_robin

Skill      XL: |  1  2  3  4 |
---------------+-------------+-----
Fighting       | 1 2 |  2.0
Earth Magic    | 3 |  3.4
Armour         | 1 |  1.5
Dodging        | |  1.7
Stealth        | |  1.7
Spellcasting   | |  2.8
Transmutations | |  0.8

Action                   |  1- 3 |  4- 6 || total
-------------------------+-------+-------++-------
Melee: Dagger            |   104 |    12 ||   116
       Unarmed           |     4 |       ||     4
       Punch             |     3 |       ||     3
       Spear             |       |    30 ||    30
 Cast: Sandblast         |    34 |     3 ||    37
  Use: Scroll            |     2 |       ||     2
 Stab: Sleeping          |       |     1 ||     1
Armor: Ring mail         |    71 |     3 ||    74
       Robe              |     1 |       ||     1
       Animal skin       |       |     9 ||     9
Dodge: Dodged            |    72 |    16 ||    88
